 Dungeon Crawl Stone Soup version 0.32-a0-329-ge6c31236d6 (webtiles) character file.

Game seed: 8592211933488458742

12867 runemasterragnar the Severer (level 11, -3/99 HPs)
             Began as a Mountain Dwarf Fighter on Feb 16, 2024.
             Was a Priest of Wu Jian.
             Slain by a sun demon (19 damage)
             ... on level 10 of the Dungeon.
             The game lasted 00:16:44 (9867 turns).

runemasterragnar the Severer (MDFi)                 Turns: 9867, Time: 00:16:45

Health: -3/99      AC: 12    Str: 22    XL:     11   Next: 68%
Magic:  11/11      EV: 15    Int: 10    God:    Wu Jian [***...]
Gold:   737        SH: 21    Dex: 13    Spells: 10/10 levels left

rFire   . . .        a - +2 war axe (flame)
rCold   . . .        u - +5 kite shield of Afidamah {Dex+4}
rNeg    + . .        v - +3 leather armour of the Farrier {rPois rCorr}
rPois   +            (no helmet)
rElec   .            y - +0 cloak
rCorr   +            q - +0 pair of gloves
SInv    +            t - +1 pair of boots of the Valley of Death {SInv}
Will    +....        o - amulet of reflection
Stlth   +            C - ring of positive energy
HPRegen 0.36/turn    H - +5 ring of evasion
MPRegen 0.12/turn

%: reflection
@: about to teleport, studying Axes
A: runic magic, artefact enchanting
a: Renounce Religion, Wall Jump, Serpent's Lash


You were on level 10 of the Dungeon.
You worshipped Wu Jian.
Wu Jian was most pleased with you.
You visited 2 branches of the dungeon, and saw 11 of its levels.
You also visited: Sewer and Bailey.

You collected 737 gold pieces.

Inventory:

Hand Weapons
 a - a +2 war axe of flaming (weapon)
 h - a +0 sling
 x - a +1 sling of flaming
 I - a +0 broad axe
Missiles
 M - 4 throwing nets (quivered)
Armour
 e - a +0 pair of boots
 q - a +0 pair of gloves (worn)
 t - the +1 pair of boots of the Valley of Death (worn) {SInv}
   (You found it in a bailey)

   SInv:      It lets you see invisible.
 u - the +5 kite shield of Afidamah (worn) {Dex+4}
   (You found it on level 3 of the Dungeon)

   Dex+4:     It affects your dexterity (+4).
 v - the +3 leather armour of the Farrier (worn) {rPois rCorr}
   (You found it on level 3 of the Dungeon)

   rPois:     It protects you from poison rCorr: It protects you from acid and
   corrosion.
 y - a +0 cloak (worn)
 K - +0 steam dragon scales
 N - a +4 chain mail of cold resistance
Jewellery
 o - an amulet of reflection (around neck)
 C - a ring of positive energy (left hand)
 G - a ring of protection from fire
 H - a +5 ring of evasion (right hand)
 J - a ring of see invisible
 O - a +6 ring of strength
 P - a ring of flight
 Q - a ring of positive energy
Wands
 D - a wand of polymorph (6)
 E - a wand of paralysis (2)
Scrolls
 b - 2 scrolls of amnesia {unknown}
 d - 2 scrolls of enchant armour {unknown}
 g - 4 scrolls of blinking
 j - 4 scrolls of poison
 l - 3 scrolls of vulnerability
 m - 4 scrolls of teleportation
 n - 2 scrolls of fog
 p - 4 scrolls of fear
 s - a scroll of revelation
 z - 2 scrolls of noise
 B - 2 scrolls of immolation
Potions
 c - a potion of heal wounds
 f - 4 potions of enlightenment
 i - a potion of haste
 k - 8 potions of curing
 r - 3 potions of cancellation
 w - 3 potions of mutation
 A - 3 potions of magic
 F - a potion of lignification
 L - 2 potions of degeneration {unknown}


   Skills:
 + Level 9.9 Fighting
 * Level 16.6 Axes
 + Level 9.9 Armour
 + Level 9.9 Shields


You had 10 spell levels left.
You didn't know any spells.
Your spell library contained the following spells:

 Spells                   Type           Power      Damage    Failure   Level
 Sandblast                Erth           0%         2d4       56%         1
 Passwall                 Erth           0%         N/A       91%         3
 Stone Arrow              Conj/Erth      0%         3d7       91%         3
 Anguish                  Hex/Necr       0%         N/A       100%        4
 Brom's Barrelling Bould  Conj/Erth      0%         2d3       100%        4
 Cause Fear               Hex            0%         N/A       100%        4
 Leda's Liquefaction      Alch/Erth      0%         N/A       100%        4
 Passage of Golubria      Tloc           0%         N/A       100%        4
 Alistair's Intoxication  Alch           0%         N/A       100%        5
 Borgnjor's Vile Clutch   Necr/Erth      0%         N/A       100%        5
 Lee's Rapid Deconstruct  Erth           0%         3d4*      100%        5
 Silence                  Hex/Air        0%         N/A       100%        5
 Bombard                  Conj/Erth      0%         9d1       100%        6
 Eringya's Noxious Bog    Alch           0%         4d6       100%        6
 Enfeeble                 Hex            0%         N/A       100%        7
 Lehudib's Crystal Spear  Conj/Erth      0%         10d2      100%        8


Dungeon Overview and Level Annotations

Branches:
Dungeon (10/15)            Temple (1/1) D:5            Lair (0/5) D:9
    Orc (0/2) D:9           Sewer (visited)          Bailey (visited)

Altars:
Ashenzari
Cheibriados
Dithmenos
Elyvilon
Fedhas
Gozag
Hepliaklqana
Kikubaaqudgha
Makhleb
Nemelex Xobeh
Okawaru
Qazlal
Ru
Sif Muna
Trog
Uskayaw
Vehumet
Wu Jian
Xom
Yredelemnul
Zin
The Shining One

Annotations:
D:6 3 runed translucent doors, zewo's ghost, novice FeCK
D:7 2 runed translucent doors, lucidstorm14's ghost, novice MiFi


Innate Abilities, Weirdness & Mutations

Your spellcasting is much less encumbered by armour.
You can use scrolls of enchantment on lesser artefacts.


Message History

There is an open door here.
The sun demon shouts!
You see here 5 gold pieces.
A sun demon is nearby!
A sun demon is nearby!
You see here a potion of curing.
k - 8 potions of curing (gained 1)
You block the sun demon's attack.
You closely miss the sun demon. The sun demon hits you!
You are engulfed in flames!!
You hit the sun demon.
The sun demon is lightly wounded.
The sun demon hits you!!
You are engulfed in flames!
You hit the sun demon but do no damage.
The sun demon is lightly wounded.
You block the sun demon's attack.
Unknown command.
Okay, then.
Okay, then.
Okay, then.
Okay, then.
Okay, then.
Okay, then.
As you read the scroll of teleportation, it crumbles to dust.
You feel strangely unstable. You block the sun demon's attack.
Unknown command.
You hit the sun demon.
The sun demon is lightly wounded.
You block the sun demon's attack.
Unknown command.
You slice the sun demon!!
The sun demon is heavily wounded.
You block the sun demon's attack.
Unknown command.
You hit the sun demon but do no damage.
The sun demon is heavily wounded.
The sun demon hits you!!
* * * LOW HITPOINT WARNING * * *
You are engulfed in flames!!
You die... .YY

###.+..........) .... ##..
#.....|..... ....Y
..###)..........
.....Y##..###+#########
#.......##))..#
#####..Y...Y#####.#
......#####Y# #.##
######..3###..# #..#
#........@#...######'#####
#.......ß.#.ß.##.........#
#........$#)..##.........#
#........###...#.........#
.♣.P...#####..#......†..#
#..♣...........'.........'
♣.##.......##.........#
.♣.. ##.###########'#####
....###.# ###.#


You could see a sun demon.

Vanquished Creatures
  Harold (D:9)
  A boulder beetle (D:9)
  A sixfirhy (D:10)
  An orc knight (Bailey)
  An ugly thing (D:10)
  An orc sorcerer (Bailey)
  Jeremiah (D:8)
  A gargoyle (D:10)
  3 kobold demonologists
  A komodo dragon (D:9)
  A troll (D:9)
  2 hellwings (D:10)
  6 yaks
  3 wyverns
  A vampire (D:10)
  Eustachio (D:6)
  A basilisk (D:10)
  2 steam dragons
  A chaos spawn (D:10)
  3 water moccasins
  A sky beast (D:8)
  An ice beast (D:6)
  2 black bears
  18 orc warriors
  2 ogres
  A phantom (D:4)
  2 centaurs
  2 kobold brigands (D:9)
  6 bullfrogs
  4 scorpions
  A wight (D:9)
  12 killer bees
  3 electric eels (Bailey)
  2 howler monkeys (D:10)
  3 quasits (D:10)
  3 hounds
  2 gnoll boudas
  6 orc priests
  2 jellies (D:4)
  A sleepcap (D:6)
  Crazy Yiuf (D:4)
  8 orc wizards
  13 gnolls
  7 adders
  5 river rats
  A shadow imp (D:7)
  2 white imps
  4 ufetubi
  7 dart slugs
  A ribbon worm (D:5)
  30 orcs
  6 bats
  3 endoplasms
  2 giant cockroaches (D:4)
  19 goblins
  14 hobgoblins
  7 quokkas
  5 ball pythons
  2 frilled lizards (Sewer)
  23 kobolds
  18 rats
285 creatures vanquished.

Vanquished Creatures (others)
  An orc (D:8)
1 creature vanquished.

Grand Total: 286 creatures vanquished

Notes
Turn   | Place    | Note
-------+----------+-------------------------------------------
     0 | D:1      | runemasterragnar the Mountain Dwarf Fighter began the quest
                  | for the Orb.
     0 | D:1      | Reached XP level 1. HP: 19/19 MP: 1/1
   309 | D:1      | Reached XP level 2. HP: 25/26 MP: 2/2
   310 | D:1      | Reached skill level 3 in Axes
   738 | D:2      | Reached XP level 3. HP: 29/31 MP: 3/3
  1048 | D:2      | Reached XP level 4. HP: 40/40 MP: 4/4
  1451 | D:3      | You fall into a shaft and drop 1 floor!
  1491 | D:4      | Reached skill level 4 in Axes
  1691 | D:3      | Reached XP level 5. HP: 38/46 MP: 5/5
  2061 | D:3      | Identified the +3 leather armour of the Farrier {rPois
                  | rCorr}
  2062 | D:3      | Identified the +5 kite shield of Afidamah {Dex+4}
  2283 | D:4      | Reached skill level 5 in Axes
  2317 | D:4      | Noticed an ogre
  2328 | D:4      | Killed an ogre
  2329 | D:4      | Reached XP level 6. HP: 24/53 MP: 6/6
  2541 | D:4      | Found a runed translucent door.
  2542 | D:4      | Noticed Crazy Yiuf
  2943 | D:4      | Reached skill level 6 in Axes
  3068 | D:4      | Killed Crazy Yiuf
  3069 | D:4      | Reached XP level 7. HP: 54/60 MP: 7/7
  3108 | D:5      | Entered Level 5 of the Dungeon
  3137 | D:5      | Reached skill level 5 in Armour
  3142 | D:5      | Reached skill level 5 in Fighting
  3142 | D:5      | Reached skill level 5 in Shields
  3330 | D:5      | Found a glowing drain.
  3334 | Sewer    | Entered a sewer
  3819 | D:5      | Found a glowing silver altar of Zin.
  3876 | D:5      | Found a staircase to the Ecumenical Temple.
  3891 | Temple   | Entered the Ecumenical Temple
  3947 | Temple   | Became a worshipper of the Wu Jian Council
  4111 | D:5      | Reached skill level 7 in Axes
  4451 | D:6      | Reached XP level 8. HP: 66/69 MP: 8/8
  4632 | D:6      | Noticed Eustachio
  4662 | D:6      | Killed Eustachio
  4792 | D:6      | Found a runed translucent gate.
  4792 | D:6      | Found a runed translucent gate.
  4792 | D:6      | Found a runed translucent gate.
  4793 | D:6      | Noticed zewo's ghost (novice FeCK)
  4793 | D:6      | Identified the staff of Buxzovig {rN+ Will++ Necro}
  4793 | D:6      | Noticed a kobold demonologist
  4844 | D:6      | Reached skill level 8 in Axes
  5217 | D:7      | Reached skill level 9 in Axes
  5524 | D:7      | Found an ancient bone altar of Kikubaaqudgha.
  5584 | D:7      | Found a large runed translucent door.
  5584 | D:7      | Found a large runed translucent door.
  5586 | D:7      | Noticed lucidstorm14's ghost (novice MiFi)
  5788 | D:7      | Reached XP level 9. HP: 71/78 MP: 9/9
  6128 | D:8      | Reached * piety under Wu Jian
  6491 | D:8      | Noticed Jeremiah
  6539 | D:8      | Killed Jeremiah
  6540 | D:8      | Reached skill level 10 in Axes
  7156 | D:9      | Noticed a troll
  7158 | D:9      | Noticed a boulder beetle
  7227 | D:9      | Noticed a kobold demonologist
  7233 | D:9      | Noticed a red devil
  7238 | D:9      | Killed a kobold demonologist
  7250 | D:9      | Found a flagged portal.
  7262 | Bailey   | Entered a bailey
  7320 | Bailey   | Reached skill level 11 in Axes
  7364 | Bailey   | Noticed an orc knight
  7372 | Bailey   | Reached XP level 10. HP: 88/88 MP: 10/10
  7386 | Bailey   | Killed an orc knight
  7582 | Bailey   | Reached ** piety under Wu Jian
  7596 | Bailey   | Acquired a manual of Axes
  7747 | Bailey   | Found an iron altar of Okawaru.
  7748 | Bailey   | Noticed an orc sorcerer
  7749 | Bailey   | Noticed a rust devil
  7824 | Bailey   | Paralysed by an orc sorcerer for 2 turns
  7830 | Bailey   | Killed an orc sorcerer
  7831 | Bailey   | Reached skill level 12 in Axes
  7910 | Bailey   | Identified the +1 pair of boots of the Valley of Death
                  | {SInv}
  8256 | D:9      | Reached skill level 13 in Axes
  8277 | D:9      | Found a staircase to the Lair.
  8415 | D:9      | Killed a boulder beetle
  8416 | D:9      | Reached skill level 14 in Axes
  8483 | D:9      | Reached XP level 11. HP: 93/97 MP: 11/11
  8740 | D:9      | Found a staircase to the Orcish Mines.
  8763 | D:9      | Reached *** piety under Wu Jian
  8829 | D:9      | Noticed Harold
  8833 | D:9      | Killed Harold
  8859 | D:9      | Reached skill level 15 in Axes
  9039 | D:10     | Entered Level 10 of the Dungeon
  9188 | D:10     | Noticed a sixfirhy
  9195 | D:10     | Noticed a sun demon
  9315 | D:10     | Noticed a green ugly thing
  9327 | D:10     | Killed a green ugly thing
  9532 | D:10     | Reached skill level 16 in Axes
  9547 | D:10     | Found a blossoming altar of Fedhas.
  9555 | D:10     | Killed a sixfirhy
  9867 | D:10     | Slain by a sun demon

Illustrated notes

Levels and vault maps discovered:
D:1:      wander_arrival_estate, layout_loops_ring
D:2:      layout_basic, kennysheep_generic_room_14
D:3:      layout_basic, minmay_goblin_kobold_house
D:4:      layout_loops_cross, uniq_crazy_yiuf_cottage
D:5:      layout_loops_cross, amcnicky_altar_gilded,
          minmay_temple_entry_offerings, gup_sewer_entry_spiral
D:6:      layout_basic, gammafunk_ghost_nasty_kobolds, uniq_eustachio
D:7:      layout_basic, lemuel_doored_altar, ebering_ghost_disaster_area
D:8:      layout_basic, uniq_jeremiah
D:9:      layout_roguey, due_lair_maze_entry_diamond, david_orc_1_choice,
          enter_bailey_3, minmay_starry_boxes, uniq_harold
D:10:     layout_roguey, serial_demonic, serial_demonic_f, serial_demonic_g,
          serial_demonic_c, serial_demonic_d, serial_demonic_c,
          serial_demonic_b, serial_demonic_d, mrwooster_statue_mirror,
          hangedman_feature_mirror
Temple:   mainiacjoe_temple_cubbyholes

Skill      XL: |  1  2  3  4  5  6  7  8  9 10 11 |
---------------+----------------------------------+-----
Axes           | 3 4 5 6 7 9 11 14 16 | 16.6
Fighting       | 4 5 6 7 9 |  9.9
Armour         | 4 5 6 7 9 |  9.9
Shields        | 4 5 6 7 9 |  9.9

Action                     |  1- 3 |  4- 6 |  7- 9 | 10-12 || total
---------------------------+-------+-------+-------+-------++-------
  Melee: War axe           |    53 |   165 |   400 |   418 ||  1036
         Unarmed           |       |       |    10 |       ||    10
 Invoke: Serpent's Lash    |       |       |       |     1 ||     1
Ability: Lunge             |       |       |    15 |    21 ||    36
         Whirlwind         |       |       |     4 |    15 ||    19
  Evoke: Wand              |       |       |     1 |     8 ||     9
    Use: Scroll            |       |     6 |    12 |     7 ||    25
         Potion            |       |       |       |     3 ||     3
   Stab: Distracted        |       |       |     1 |       ||     1
         Paralysed         |       |       |     2 |     5 ||     7
 Armour: Scale mail        |    45 |    48 |       |       ||    93
         Leather armour    |       |    33 |   122 |    99 ||   254
         Skin              |       |       |     4 |       ||     4
  Dodge: Dodged            |    28 |    52 |    96 |    82 ||   258
  Block: Buckler           |    11 |    18 |       |       ||    29
         Kite shield       |       |    71 |   436 |   316 ||   823
         Reflection        |       |     2 |     8 |     2 ||    12
         Other             |       |       |     1 |       ||     1

Table legend: (Time is in decaauts)
 A = Elapsed time spent in this place.
 B = Non-inter-level travel time spent in this place.
 C = Inter-level travel time spent in this place.
 D = Time resting spent in this place.
 E = Time spent auto-exploring this place.
 F = Levels seen in this place.
 G = Mean time per level.
                   A        B        C        D        E       F      G
               +--------+--------+--------+--------+--------+-----+--------+
         Total |  10007 |   9742 |    265 |    553 |   6690 |  13 |  769.8 |
       Dungeon |   8567 |   8368 |    199 |    422 |   6048 |  10 |  856.7 |
        Temple |     87 |     21 |     66 |      0 |      0 |   1 |   87.0 |
         Sewer |    436 |    436 |      0 |      0 |    265 |   1 |  436.0 |
        Bailey |    916 |    916 |      0 |    131 |    376 |   1 |  916.0 |
               +--------+--------+--------+--------+--------+-----+--------+

Top non-repeatable levels by time:
     D:8: 1151 daAuts
     D:4: 1001 daAuts
     D:7: 918 daAuts
  Bailey: 916 daAuts
     D:9: 887 daAuts
     D:5: 875 daAuts
    D:10: 800 daAuts
     D:2: 757 daAuts
     D:6: 750 daAuts
     D:3: 728 daAuts
     D:1: 697 daAuts
   Sewer: 436 daAuts
  Temple: 87 daAuts
